Map: Blackburn LE

Players

ALLMIGHT - Winner!

  • Race: Zerg Zerg
  • League: Master

goya

  • Race: Terran Terran
  • League: Master

VOD

Have the link to the VOD?

Description

Time

  • Played on: Aug. 15, 2021, 9:49 p.m.
  • Length: 25:48
Show
View Real Time Build Order
Export as new Build Order

ALLMIGHT Zerg - Winner!

Build Orders: Hatch First, Brood Lord Corruptor 

Get SALT Encoding   

  12  0:02  Drone  
  13  0:15  Overlord  
  13  0:18  Drone  
  14  0:33  Drone x2  
  16  0:49  Hatchery  
  15  0:52  Drone  
  15  0:55  Drone  
  17  0:59  Drone  
  18  1:09  Extractor  
  17  1:15  Spawning Pool  
  17  1:18  Drone  
  17  1:21  Drone  
  18  1:31  Drone  
  19  1:41  Drone  
  20  1:52  Drone  
  21  2:03  Queen x2  
  21  2:04  Zergling x4  
  27  2:19  Hatchery  
  26  2:23  Overlord  
  26  2:29  Extractor  
  25  2:36  Drone  
  25  2:37  Drone x2  
  28  2:46  Drone x3  
  28  2:49  Metabolic Boost  
  31  3:00  Overlord  
  31  3:02  Drone x2  
  33  3:15  Drone x2  
  33  3:17  Overlord  
  35  3:20  Drone x3  
  35  3:23  Queen  
  40  3:34  Drone x3  
  43  3:41  Overlord  
  43  3:44  Drone x2  
  45  3:49  Queen  
  45  3:51  Drone  
  45  3:52  Drone x3  
  51  3:56  Queen  
  51  4:01  Drone x3  
  56  4:08  Overlord  
  56  4:17  Overlord  
  56  4:21  Drone x6  
  62  4:26  Lair  
  62  4:28  Overlord  
  62  4:31  Zergling x6  
  62  4:37  Spine Crawler  
  64  4:41  Zergling x12  
  70  4:46  Drone  
  70  4:47  Baneling Nest, Drone  
  70  4:48  Extractor  
  70  4:54  Overlord  
  70  4:57  Spore Crawler  
  70  4:58  Spore Crawler  
  70  4:59  Spore Crawler, Queen  
  69  5:06  Overlord  
  69  5:10  Drone x6  
  69  5:14  Queen  
  77  5:22  Drone x6  
  83  5:34  Drone x6  
  83  5:35  Queen  
  91  5:36  Extractor  
  91  5:38  Extractor  
  91  5:40  Evolution Chamber x2  
  91  5:42  Spire  
  86  5:43  Extractor  
  86  5:44  Extractor, Hatchery  
  86  5:48  Drone x4  
  86  5:49  Drone  
  82  6:07  Drone x8  
  90  6:13  Drone x4  
  94  6:20  Zerg Ground Armor Level 1, Zerg Melee Weapons Level 1  
  94  6:32  Hatchery  
  93  6:33  Drone x5  
  98  6:40  Overlord  
  98  6:41  Overlord x3  
  98  6:50  Centrifical Hooks  
  98  6:51  Overseer  
  98  7:00  Spore Crawler  
  97  7:07  Hatchery  
  93  7:16  Zerg Flyer Weapons Level 1  
  93  7:17  Infestation Pit  
  93  7:18  Zergling x32  
  108  7:25  Spore Crawler, Drone x5  
  112  7:31  Hatchery, Queen  
  112  7:34  Zergling x4  
  116  7:45  Hatchery, Overlord x3  
  116  7:48  Drone x7  
  116  8:10  Corruptor x9  
  134  8:14  Hive  
  134  8:17  Zerg Ground Armor Level 2, Zerg Melee Weapons Level 2  
  134  8:22  Zergling x22  
  134  8:25  Drone x2  
  147  8:34  Pneumatized Carapace  
  145  9:00  Spore Crawler  
  145  9:01  Spore Crawler  
  145  9:02  Extractor  
  142  9:03  Extractor  
  142  9:09  Overlord x3  
  141  9:10  Queen  
  141  9:11  Queen  
  141  9:15  Overlord  
  141  9:16  Extractor  
  144  9:17  Extractor  
  143  9:27  Spore Crawler  
  142  9:37  Drone x3  
  145  9:44  Greater Spire, Spore Crawler  
  145  9:45  Extractor, Zergling x38  
  162  9:46  Extractor  
  162  9:47  Baneling  
  162  9:48  Baneling x5  
  162  9:49  Spore Crawler, Baneling x29  
  162  9:51  Zergling x44  
  182  9:56  Overseer x2  
  184  10:17  Overseer  
  166  10:35  Hatchery  
  135  10:51  Queen x2  
  135  10:52  Queen x2  
  135  10:56  Brood Lord x9  
  161  11:02  Drone x4  
  161  11:03  Baneling x2  
  165  11:06  Queen  
  165  11:09  Zerg Melee Weapons Level 3, Zerg Flyer Armor Level 1, Zerg Ground Armor Level 3  
  167  11:21  Drone x9  
  176  11:38  Extractor, Zergling x14  
  176  11:39  Zergling x12  
  187  11:45  Overlord x3  
  183  12:12  Corruptor x8  
  198  12:21  Overseer x2  
  175  12:31  Zergling x8  
  175  12:32  Zergling x28  
  175  12:33  Overseer  
  185  12:38  Zergling x16  
  191  12:47  Zergling x18  
  188  12:56  Brood Lord x2  
  191  13:03  Zergling x16  
  184  13:12  Baneling  
  184  13:13  Zergling x20, Baneling x5  
  178  13:21  Zergling x6  
  178  13:22  Zergling x8  
  165  13:28  Corruptor  
  165  13:29  Corruptor x5  
  159  13:34  Corruptor  
  159  13:38  Ultralisk Cavern, Zerg Flyer Armor Level 2  
  159  13:39  Overseer x2  
  159  13:41  Queen x4  
  160  13:43  Drone x7  
  160  13:45  Queen  
  160  13:46  Extractor  
  167  13:54  Zergling x14  
  169  14:01  Corruptor x5  
  172  14:12  Brood Lord x2  
  171  14:21  Overseer x2  
  171  14:24  Zergling x24  
  171  14:25  Zergling x20  
  171  14:30  Zergling x4  
  175  14:44  Chitinous Plating  
  167  14:46  Ultralisk x3  
  167  14:50  Brood Lord x2  
  189  15:02  Brood Lord  
  189  15:03  Brood Lord x2  
  195  15:13  Hatchery  
  194  15:24  Overseer x2  
  194  15:25  Ultralisk  
  194  15:27  Baneling x11  
  194  15:28  Baneling x6  
  184  15:53  Zerg Flyer Weapons Level 2  
  184  15:54  Ultralisk x2  
  193  16:08  Overseer x2  
  177  16:11  Zergling x36  
  177  16:12  Zergling x16  
  177  16:18  Ultralisk x2  
  196  16:25  Ultralisk x3  
  192  16:31  Baneling  
  176  16:35  Ultralisk  
  176  16:36  Ultralisk x2  
  194  16:42  Drone x5  
  193  16:59  Ultralisk  
  193  17:00  Ultralisk x3  
  176  17:13  Ultralisk x2  
  185  17:17  Baneling x2  
  185  17:22  Ultralisk  
  180  17:42  Infestor x3  
  180  17:43  Anabolic Synthesis  
  186  17:56  Hatchery  
  185  17:59  Overseer x3  
  185  18:02  Drone  
  185  18:03  Drone  
  186  18:26  Spore Crawler  
  185  18:29  Spore Crawler  
  185  18:30  Spore Crawler  
  182  18:41  Zerg Flyer Weapons Level 3  
  182  18:42  Pathogen Glands  
  170  18:49  Zergling x6  
  165  19:05  Drone x10  
  175  19:16  Zergling x34  
  165  19:37  Ultralisk x4  
  165  19:38  Ultralisk x5, Neural Parasite  
  182  19:49  Ultralisk  
  173  20:06  Baneling x6  
  167  20:28  Zergling x40  
  187  20:40  Zergling x10  
  187  20:41  Zergling x14  
  161  20:58  Corruptor x8  
  137  21:12  Baneling x2  
  137  21:13  Infestor x6, Baneling x2  
  149  21:36  Brood Lord x8  
  165  21:43  Extractor  
  165  21:46  Extractor  
  163  21:55  Spore Crawler  
  163  21:56  Spore Crawler  
  158  22:02  Drone x10  
  158  22:03  Drone x10  
  172  22:09  Hatchery  
  172  22:15  Overlord x4  
  168  22:31  Corruptor x3  
  167  22:49  Ultralisk x3  
  184  23:02  Corruptor x7  
  192  23:26  Ultralisk x2  
  200  23:39  Zergling x4  
  190  23:42  Zergling x20  
  190  23:48  Ultralisk  
  196  23:53  Zergling x20  
  200  24:00  Brood Lord x2  
  200  24:09  Brood Lord x2  
  197  24:10  Brood Lord  
  196  24:21  Hatchery  
  192  24:27  Overseer x3  
  192  24:43  Zergling x14  
  199  24:53  Overlord x2, Overseer  
  199  24:57  Overseer  
  199  25:00  Baneling  
  199  25:01  Baneling x5  
  194  25:17  Zergling x12  
  190  25:24  Overseer  
  188  25:32  Hatchery  
Show
View Real Time Build Order
Export as new Build Order

goya Terran 

Build Orders: Reaper Expand 

Get SALT Encoding   

  12  0:00  SCV  
  13  0:12  SCV  
  14  0:17  Supply Depot  
  14  0:24  SCV  
  15  0:38  SCV  
  15  0:41  Barracks  
  16  0:45  Refinery  
  16  0:50  SCV  
  17  1:02  SCV  
  18  1:14  SCV  
  19  1:27  Orbital Command  
  19  1:28  Reaper  
  20  1:40  Command Center  
  20  1:53  Supply Depot  
  20  1:55  SCV  
  20  2:00  Marine  
  22  2:07  SCV  
  23  2:17  Factory  
  23  2:19  SCV  
  24  2:31  SCV  
  24  2:32  Barracks Reactor  
  25  2:43  SCV  
  26  2:45  Command Center  
  26  2:52  Orbital Command  
  26  2:55  SCV  
  27  3:02  Starport  
  27  3:07  SCV  
  28  3:17  Marine, Hellion  
  28  3:19  SCV x2  
  33  3:23  Hellion  
  35  3:31  SCV x2  
  37  3:35  Barracks Tech Lab  
  37  3:39  Viking  
  39  3:43  SCV  
  39  3:44  SCV  
  39  3:46  Hellion x2  
  45  3:56  SCV x2  
  45  3:57  Refinery  
  45  3:59  Refinery  
  45  4:01  Orbital Command  
  47  4:08  SCV  
  47  4:09  SCV  
  49  4:12  Stimpack  
  49  4:13  Barracks  
  49  4:20  SCV  
  49  4:21  SCV  
  51  4:27  Factory Reactor  
  51  4:32  SCV x2  
  51  4:33  Refinery, SCV, Barracks  
  54  4:38  Supply Depot  
  54  4:39  Supply Depot  
  54  4:46  Marine  
  54  4:47  Engineering Bay x2, SCV  
  56  4:53  SCV  
  56  4:58  SCV  
  59  5:00  SCV  
  59  5:01  Starport Reactor  
  59  5:02  Marine x2  
  59  5:03  Marine  
  59  5:06  SCV  
  63  5:10  SCV  
  63  5:11  Supply Depot  
  63  5:12  SCV  
  65  5:19  Marine  
  66  5:23  Factory Tech Lab  
  66  5:26  Barracks  
  66  5:27  SCV x2  
  66  5:28  Barracks  
  68  5:33  Terran Infantry Weapons Level 1, Terran Infantry Armor Level 1  
  68  5:34  Marine x4  
  72  5:38  Supply Depot  
  72  5:41  Supply Depot  
  72  5:42  SCV x2  
  74  5:51  Orbital Command  
  74  6:00  Marine x3  
  74  6:04  Marine  
  74  6:05  Marine  
  74  6:06  Medivac x2, Siege Tank  
  83  6:12  SCV x2  
  83  6:16  Command Center  
  83  6:18  Barracks Tech Lab  
  85  6:19  Armory, Barracks Tech Lab  
  85  6:23  Factory  
  85  6:24  SCV  
  86  6:25  SCV  
  86  6:26  SCV  
  88  6:35  Marine x2  
  88  6:36  Marine x3  
  88  6:39  Refinery  
  93  6:42  Combat Shield  
  93  6:43  Medivac, Supply Depot  
  93  6:44  Supply Depot  
  96  6:47  SCV x2  
  96  6:50  SCV  
  98  6:55  Supply Depot  
  98  6:59  SCV  
  98  7:01  Marine x2  
  100  7:04  Marine x4  
  100  7:05  Marauder  
  107  7:14  Factory Reactor  
  109  7:16  Medivac x2, Siege Tank  
  109  7:19  Marine x2  
  109  7:22  Marine, SCV x3  
  119  7:23  Marauder  
  122  7:30  Missile Turret, Concussive Shells, Supply Depot x2  
  122  7:31  Marauder  
  124  7:49  Marine  
  124  7:50  Marine x4  
  125  7:51  Marauder  
  125  7:52  Drilling Claws, Widow Mine x3  
  125  7:53  Marauder  
  125  7:55  Missile Turret, Terran Infantry Weapons Level 2, Terran Infantry Armor Level 2  
  125  7:56  Missile Turret  
  133  7:59  Missile Turret  
  132  8:09  Planetary Fortress  
  132  8:11  SCV x3  
  135  8:14  Marine x3  
  135  8:15  Marine x2, Marauder x2  
  144  8:21  Refinery  
  144  8:22  Refinery  
  144  8:29  Supply Depot x3  
  144  8:30  Widow Mine  
  144  8:32  Marine  
  144  8:33  Marauder  
  149  8:37  Missile Turret x3  
  149  8:38  SCV  
  149  8:39  SCV  
  151  8:53  Marine x3  
  151  8:54  Marine x3, Marauder  
  151  8:55  Medivac x2, Widow Mine x2  
  151  8:57  SCV x4  
  157  9:05  Refinery  
  157  9:09  Missile Turret x2  
  157  9:11  Marine x2  
  157  9:16  Widow Mine x2  
  163  9:17  SCV x3  
  163  9:20  Ghost Academy  
  163  9:22  SCV  
  167  9:25  Medivac x2  
  167  9:29  Missile Turret, SCV  
  167  9:30  Sensor Tower  
  172  9:33  Command Center  
  172  9:34  Marine x2  
  172  9:35  Marine, Marauder  
  177  9:58  Marine  
  177  9:59  Marauder  
  180  10:05  Supply Depot  
  180  10:06  Supply Depot  
  180  10:08  Barracks  
  180  10:09  Barracks  
  180  10:10  Marine x2, Barracks  
  180  10:12  Marine x2  
  180  10:19  Terran Infantry Armor Level 3, Terran Infantry Weapons Level 3  
  179  10:26  Widow Mine x3  
  182  10:38  Marine x2  
  182  10:39  Marine x2, Marauder x3  
  192  10:56  Marine  
  193  10:57  Barracks Tech Lab  
  193  10:58  Barracks Tech Lab x2  
  193  10:59  Ghost x2  
  193  11:00  Ghost  
  199  11:05  Missile Turret  
  199  11:07  Missile Turret  
  199  11:09  Missile Turret  
  199  11:13  Planetary Fortress  
  199  11:23  Missile Turret  
  199  11:25  Missile Turret x2  
  199  11:26  Missile Turret  
  190  11:45  Ghost x5  
  184  11:57  Ghost  
  171  12:12  Widow Mine x3  
  171  12:13  Ghost x2  
  171  12:14  Ghost x3  
  183  12:15  Medivac x2  
  180  12:26  Ghost  
  170  12:31  Marine x2  
  170  12:35  Personal Cloaking  
  164  12:37  Marine x2  
  164  12:39  Widow Mine x3  
  164  12:43  Marine, Marauder x3  
  167  12:49  Marine x2  
  152  12:55  Marine x2  
  154  13:04  Marine x2, Marauder  
  157  13:07  Marine x2  
  155  13:13  Marine x2  
  155  13:16  Command Center  
  144  13:22  Marine, Marauder  
  144  13:24  Marine  
  129  13:39  Marine x4  
  129  13:40  Marauder  
  129  13:41  Widow Mine x3  
  134  13:42  Marine  
  134  13:43  Marine  
  121  13:57  Marine x3  
  121  13:58  Marauder  
  121  14:00  Marine x2  
  121  14:01  Marine  
  120  14:05  Barracks x2  
  120  14:06  Barracks  
  120  14:07  Widow Mine x2  
  120  14:08  Medivac x2, Widow Mine  
  126  14:11  Barracks  
  126  14:14  Barracks  
  126  14:15  Marine x3  
  129  14:18  Marine x2  
  129  14:19  Marine, Marauder  
  120  14:31  Widow Mine x2  
  120  14:32  Marine, Widow Mine  
  120  14:33  Marine x2  
  120  14:36  Marine  
  120  14:37  Marauder x2  
  120  14:38  Medivac x2  
  133  14:40  Marauder  
  131  14:50  Marine x2  
  131  14:51  Marine, Orbital Command  
  126  14:54  Marine  
  126  14:58  Marine, Marauder, Widow Mine x2  
  134  15:00  Widow Mine  
  134  15:02  Marauder  
  134  15:05  Barracks Tech Lab x2  
  134  15:06  Barracks Tech Lab x2  
  138  15:07  Barracks Tech Lab  
  138  15:08  Medivac x2, Marine x3  
  138  15:11  Marine  
  146  15:16  Marauder  
  146  15:19  Marauder  
  150  15:22  Marine  
  150  15:23  Ghost  
  150  15:24  Ghost  
  150  15:26  Marine x3  
  158  15:34  Marine x3  
  158  15:35  Marauder  
  158  15:36  Widow Mine x3  
  158  15:38  Marauder  
  158  15:40  Ghost x2  
  164  15:44  Marine x3  
  163  15:52  Marine, Ghost x4  
  163  15:55  Ghost  
  168  15:57  Medivac  
  168  15:58  Medivac, Marine  
  168  16:01  Marine  
  168  16:02  Marine x2  
  173  16:09  Marauder x2  
  161  16:15  Marine  
  161  16:16  Marine  
  149  16:27  Medivac  
  149  16:28  Marine x3  
  149  16:29  Marauder x4  
  149  16:31  Marauder x2  
  159  16:33  Marine  
  159  16:34  Marine  
  159  16:36  SCV  
  159  16:37  SCV  
  163  16:43  SCV  
  163  16:44  SCV  
  163  16:46  Marine x2  
  166  16:47  Marauder  
  166  16:48  SCV  
  166  16:49  Marine x2  
  166  16:50  Marine x3  
  166  16:52  Marine, Marauder x2  
  156  17:04  Marine x2  
  156  17:07  Marine x3  
  156  17:08  Marauder  
  163  17:17  Medivac x2  
  163  17:19  Marine x3, Widow Mine x3  
  163  17:20  Marauder x2  
  163  17:21  Marine  
  163  17:22  Marine  
  182  17:23  Supply Depot  
  182  17:24  Supply Depot  
  182  17:25  Supply Depot  
  182  17:26  Marauder  
  179  17:41  Marine x3, Widow Mine  
  179  17:42  Marine x2, Marauder x5  
  173  17:47  Medivac x2, Marauder  
  179  17:59  Marine x2, Ghost x2  
  179  18:02  Ghost x2  
  179  18:03  Ghost  
  191  18:06  Ghost x2  
  191  18:07  Widow Mine x2  
  199  18:25  Refinery  
  199  18:27  Refinery  
  199  18:51  Marine  
  196  19:17  Marine x2, Marauder  
  195  19:34  Marine x3  
  195  19:35  Marine x3, Marauder x3  
  157  19:43  Marine  
  157  19:44  Marauder  
  140  19:52  Marine, Ghost x2  
  137  19:53  Marine, Marauder  
  139  20:04  Marine, Refinery  
  139  20:05  Marine x2, Marauder x3  
  139  20:06  Medivac, Refinery, Widow Mine x3  
  139  20:07  Medivac  
  158  20:10  Marine x2  
  160  20:14  Marauder  
  160  20:21  Marine, Marauder  
  163  20:22  Marine, Ghost  
  163  20:23  Marauder  
  163  20:26  Ghost x3  
  176  20:34  Marine  
  176  20:35  Marine, Ghost  
  178  20:39  Marauder  
  178  20:40  Marine  
  183  20:43  Marauder  
  183  20:44  Marauder  
  180  20:51  Marine  
  180  20:52  Marine x2  
  180  20:55  Marauder x3  
  170  20:58  Marine  
  170  21:00  Marauder  
  170  21:04  Marine, Marauder  
  137  21:05  Marine  
  137  21:09  Marauder  
  137  21:10  Marine x2  
  138  21:12  Widow Mine x3  
  138  21:13  Medivac x2  
  138  21:16  Marine, Marauder  
  138  21:17  Marauder x2, Orbital Command  
  155  21:21  Marine  
  155  21:22  Marauder  
  155  21:24  Marauder  
  155  21:25  Marine  
  161  21:28  Marine  
  161  21:30  Ghost  
  164  21:34  Widow Mine  
  164  21:37  Ghost x3  
  164  21:39  Ghost  
  174  21:50  Marine x3, Marauder x3  
  183  21:59  Marauder  
  185  22:04  Refinery  
  185  22:06  Marine x3, Refinery  
  184  22:31  Orbital Command  
  184  22:34  Marine x3  
  184  22:35  Marine, Marauder x3  
  174  23:27  Marine x6, Marauder x3  
  169  23:28  Marauder x2  
  120  23:57  Marine x5  
  120  23:58  Marine x4, Marauder  
  120  23:59  Marine  
  120  24:00  Medivac x2  
  132  24:15  Marine x3  
  117  24:18  Marine x5, Marauder  
  117  24:19  Marauder x2  
  118  24:30  Medivac x2  
  114  24:33  Marine x3  
  114  24:34  Widow Mine x3  
  114  24:36  Marine x3, Marauder  
  114  24:37  Marauder  
  130  24:39  Marine x2  
  132  24:49  Marine  
  132  24:50  Marine  
  132  24:51  Marine x2  
  136  24:54  Marauder x2  
  136  24:55  Marauder  
  136  24:57  Marine, Ghost x3  
  149  25:06  Ghost  
  138  25:14  Ghost  
  138  25:15  Ghost  
  121  25:24  Marine x3  
  121  25:25  Marauder x2  
  121  25:26  Marine, Marauder  
  121  25:27  Marauder  
Tags
 
Add a new tag
Caveats
  • Supply blocks, unpowered buildings, or Contaminate may cause inaccurate times.
  • Supply counts are checked every 10 seconds.